[Event "*** Titled Tuesday 3|2 Blitz"]
[Site "Chess.com"]
[Date "2015.09.01"]
[Round "9"]
[White "Schemato"]
[Black "Haridaskesavan"]
[Result "1-0"]
[WhiteElo "2148"]
[BlackElo "1982"]
[TimeControl "180+2"]
[EndTime "12:49:39 PDT"]
[Termination "Schemato won by resignation"]

1. c4 e5 2. g3 Nc6 3. Nc3 Nf6 4. Bg2 Bb4 5. Nd5 d6 6. e3 Bc5 7. Ne2 O-O 8. O-O Nxd5 9. cxd5 Ne7 10. d4 exd4 11.
Nxd4 Bb6 12. a4 a5 13. Qd3 Ng6 14. f4 Re8 15. e4 Bd7 16. Kh1 Qe7 17. Bd2 Rad8 18.
b4 axb4 19. Bxb4 Bxd4 20. Qxd4 Ra8 21. Bc3 f6 22. a5 Bb5 23. Rfb1 Qd7 24. h4 Ba6 25.
Kh2 Qe7 26. Re1 Bb5 27. Rab1 c6 28. dxc6 Bxc6 29. Bb4 Rad8 30. a6 bxa6 31. Qc4+ Qe6 32. Qxc6 Qg4 33. Qxa6 Rc8 34. Qe2 Qd7 35. Red1 Qa4 36.
Bxd6 Rc2 37. Rd2 Rec8 38. Rb2 Rc1 39. e5 fxe5 40. Bxe5 Qa7 41. Qf2 Qe7 42. Bd6 Qd7 43. f5 Nxh4 44. gxh4 R1c4 45. Bd5+ 1-0

[Event "*** Titled Tuesday 3|2 Blitz"]
[Site "Chess.com"]
[Date "2015.09.01"]
[Round "9"]
[White "AndrewMcStone"]
[Black "LADIESGET2KNOWME"]
[Result "0-1"]
[WhiteElo "1931"]
[BlackElo "2220"]
[TimeControl "180+2"]
[EndTime "12:49:40 PDT"]
[Termination "LADIESGET2KNOWME won by resignation"]

1. d4 Nf6 2. c4 g6 3. Nc3 Bg7 4. e4 d6 5. Nge2 O-O 6. Ng3 c5 7. d5 e6 8. Be2 exd5 9. cxd5 h5 10. Bg5 Qa5 11. Qd2 Re8 12. f3 Nh7 13. Bf4 h4 14. Nf1 Qd8 15. Bh6 Bh8 16. Be3 f5 17. h3 Qa5 18. Nh2 Nd7 19. O-O Ne5 20. Bf2 Bd7 21.
Bxh4 b5 22. exf5 gxf5 23. Qh6 b4 24. f4 bxc3 25. fxe5 Bxe5 26. Qg6+ Kh8 27. bxc3 Qxc3 28. Nf3 Qe3+ 29. Rf2 Bxa1 30. Ng5 Nxg5 31. Bxg5 Qe5 32. Bh5 Qg7 33. Rf4 Bd4+ 34. Kh1 Re1+ 35. Kh2 Be5 36.
Qh6+ Qxh6 37. Bxh6 Kh7 0-1

[Event "*** Titled Tuesday 3|2 Blitz"]
[Site "Chess.com"]
[Date "2015.09.01"]
[Round "9"]
[White "Kempsy"]
[Black "stefanodinn"]
[Result "1-0"]
[WhiteElo "2474"]
[BlackElo "2124"]
[TimeControl "180+2"]
[EndTime "12:49:50 PDT"]
[Termination "Kempsy won by resignation"]

1. c4 c6 2. g3 d5 3. Bg2 Nf6 4. Nf3 e6 5. O-O Nbd7 6. b3 Be7 7. Bb2 O-O 8. d4 b6 9. Nbd2 Bb7 10. Qc2 c5 11. dxc5 bxc5 12. Ne5 Nxe5 13. Bxe5 Qb6 14. e3 Rfd8 15. Rfd1 Rac8 16. Qb2 Ne8 17. cxd5 exd5 18.
Nf3 Bf6 19. Rac1 h6 20. Qa3 a5 21. Bxf6 Nxf6 22. Nh4 g6 23. Nf3 Qb4 24. Qb2 Qb6 25. Ne5 a4 26. Qc2 axb3 27. axb3 Kg7 28.
Qb2 Kg8 29. Nd3 Ne4 30. Bxe4 dxe4 31. Ne5 Qf6 32. Qa1 Bd5 33. Nc4 Bxc4 34. Qxf6 1-0

[Event "*** Titled Tuesday 3|2 Blitz"]
[Site "Chess.com"]
[Date "2015.09.01"]
[Round "9"]
[White "Dale"]
[Black "Moltini"]
[Result "0-1"]
[WhiteElo "1926"]
[BlackElo "2095"]
[TimeControl "180+2"]
[EndTime "12:50:29 PDT"]
[Termination "Moltini won by checkmate"]

1. c4 Nf6 2. h3 g6 3. g4 Bg7 4. Bg2 d5 5. g5 Nh5 6. cxd5 Nf4 7.
d4 Nxg2+ 8. Kf1 Nh4 9. e4 h6 10. Nc3 c6 11. Bf4 Qb6 12. Nge2 hxg5 13. Bxg5 Nf3 14.
Be3 Rxh3 15. Ng3 Rxh1+ 16. Nxh1 Bh3+ 17. Ke2 Nxd4+ 18. Kd3 Qa6+ 19. Kd2 c5 20. Ng3 Qb6 21. Rb1 Bd7 22. Ke1 Na6 23. a3 O-O-O 24. b4 cxb4 25. axb4 Nxb4 26. Kf1 Qa6+ 27. Kg2 Nbc2 28. Bf4 Qc4 29. d6 Qxc3 30. dxe7 Rh8 31. f3 Bh3+ 32. Kf2 Nc6 33. Qd6 Bd4+ 34. Ke2 Qc4+ 35. Kd2 Qc3+ 36. Ke2 Be5 37. Bxe5 Qxe5 38. Qxe5 Nxe5 39. Rc1 Kd7 40.
Rxc2 Nc6 41. Ke3 Kxe7 42. Ne2 Be6 43. Nf4 Rd8 44. Rg2 a5 45. Rh2 b5 46. Rh7 Ne5 47.
Ng2 b4 48. Kf4 Nd3+ 49. Ke3 b3 50. Nh4 b2 51. Nxg6+ Kf6 52. Ne5 Nxe5 53. f4 b1=Q 54. fxe5+ Kxe5 55. Rh5+ f5 56. exf5 Rd3+ 57. Ke2 Qc2+ 58.
Ke1 Rd1# 0-1

[Event "*** Titled Tuesday 3|2 Blitz"]
[Site "Chess.com"]
[Date "2015.09.01"]
[Round "9"]
[White "Badouuu"]
[Black "PowerThinking2650"]
[Result "1-0"]
[WhiteElo "1917"]
[BlackElo "2076"]
[TimeControl "180+2"]
[EndTime "12:50:31 PDT"]
[Termination "Badouuu won on time"]

1. e4 e5 2. Nf3 Nc6 3. Bb5 a6 4. Ba4 Nf6 5. O-O b5 6. Bb3 Be7 7. Re1 d6 8. c3 O-O 9. d3 Na5 10. Bc2 c5 11. Nbd2 Nc6 12. a4 Bb7 13. Nf1 Re8 14. d4 cxd4 15. cxd4 exd4 16. Nxd4 Nxd4 17.
Qxd4 Rc8 18. Bb3 d5 19. e5 Ne4 20. Be3 Bc5 21. Qd3 Rxe5 22. axb5 axb5 23. Qxb5 Bc6 24. Qd3 d4 25. Bf4 Re8 26. Rac1 Qb6 27. Nd2 Nxd2 28. Bxd2 Rxe1+ 29. Rxe1 Qb7 30. Bc4 Bd5 31. Ba6 Qb8 32.
Bxc8 Qxc8 33. Qb5 Qf8 34. Re8 1-0

[Event "*** Titled Tuesday 3|2 Blitz"]
[Site "Chess.com"]
[Date "2015.09.01"]
[Round "9"]
[White "alexsuper1987"]
[Black "nightmaresknight"]
[Result "0-1"]
[WhiteElo "2148"]
[BlackElo "2331"]
[TimeControl "180+2"]
[EndTime "12:50:39 PDT"]
[Termination "nightmaresknight won by resignation"]

1. e4 c5 2. Nf3 Nc6 3. d4 cxd4 4. Nxd4 g6 5. Nc3 Bg7 6. Be3 Nf6 7. f3 O-O 8. Bc4 Qb6 9. a3 Nxe4 10. Nd5 Qc5 11. fxe4 Qxc4 12. c3 e6 13. b3 Qa6 14.
Nc7 Qa5 15. Nxa8 Qxc3+ 16. Ke2 Bxd4 17. Qd2 Qc5 18. Rhc1 Qe5 19. Ra2 f5 20. Bxd4 Nxd4+ 21. Kf2 fxe4+ 22. Kg1 e3 23. Qd3 e2 24. Re1 Qf4 25.
Raxe2 Nxe2+ 26. Qxe2 Qd4+ 27. Qe3 Qxe3+ 28. Rxe3 d5 29. Nc7 Kf7 30. Nb5 a6 31. Nd4 Bd7 32.
a4 Ke7 33. g4 Kd6 34. h4 e5 35. Ne2 Bxg4 36. Ng3 d4 37. Re1 Kd5 38. Ne4 Rf4 39.
Nd2 Bf5 40. Nc4 e4 41. Nb6+ Kc6 42. Nc4 b5 43. axb5+ axb5 44. Ne5+ Kd5 45. Nf7 d3 46. Ng5 d2 0-1

[Event "*** Titled Tuesday 3|2 Blitz"]
[Site "Chess.com"]
[Date "2015.09.01"]
[Round "9"]
[White "myaccount88"]
[Black "Colombiano07"]
[Result "0-1"]
[WhiteElo "2112"]
[BlackElo "1970"]
[TimeControl "180+2"]
[EndTime "12:50:51 PDT"]
[Termination "Colombiano07 won by resignation"]

1. e4 e5 2. Nf3 Nc6 3. d4 Nf6 4.
dxe5 Nxe4 5. Bc4 d6 6. Bxf7+ Kxf7 7. Qd5+ Be6 8. Qxe4 dxe5 9. Ng5+ Ke7 10. Nxe6 Kxe6 11.
Be3 Bb4+ 12. c3 Ba5 13. Nd2 Qd5 14. Qg4+ Kf7 15. O-O h5 16. Qf5+ Kg8 17. c4 Qf7 18. Qe4 Bxd2 19. Bxd2 Rd8 20. Bc3 Rh6 21. f4 exf4 22.
Rxf4 Qe6 23. Qf3 Rd7 24. Rf1 Kh7 25. Rf5 Qxc4 26. Rxh5 Qd3 27. Rxh6+ gxh6 28. Qf8 Ne5 29. Qf4 Ng6 30. Qf6 Qd6 31. Qf5 Qb6+ 32. Kh1 Re7 33. Qf6 Qxf6 34. Rxf6 Ne5 35. g3 Ng4 36. Rf4 h5 37. h3 Nh6 38. Kg2 Kg6 39. Rd4 Nf5 40. Rd5 Ne3+ 41. Kf3 Nxd5 0-1

[Event "*** Titled Tuesday 3|2 Blitz"]
[Site "Chess.com"]
[Date "2015.09.01"]
[Round "9"]
[White "motivated_bishop"]
[Black "kikydu96"]
[Result "1-0"]
[WhiteElo "2144"]
[BlackElo "2166"]
[TimeControl "180+2"]
[EndTime "12:51:02 PDT"]
[Termination "motivated_bishop won by resignation"]

1. d4 d5 2. c4 c6 3. cxd5 cxd5 4. Bf4 Nc6 5. e3 Nf6 6. Nc3 Bf5 7. Qb3 Qb6 8. Qxb6 axb6 9. Bb5 e6 10. Nf3 Bb4 11. Nh4 Bc2 12. Kd2 Bg6 13. Nxg6 hxg6 14.
f3 Kd7 15. a4 Ne8 16. Rhc1 Nd6 17. Kd3 g5 18. Bg3 Bxc3 19. bxc3 Nxb5 20. axb5 Na5 21. Rc2 Nc4 22. Rca2 Rxa2 23. Rxa2 Na5 24. e4 f5 25. Be5 f4 26. g3 fxg3 27. Bxg3 Rf8 28. Ke2 Rc8 29. Kd3 Rf8 30. exd5 Rxf3+ 31. Ke4 Rxc3 32.
dxe6+ Kxe6 33. d5+ Kd7 34. Rf2 Ke7 35. d6+ Ke6 36.
Rf8 Nc4 37. Kd4 Rc1 38. Re8+ Kd7 39. Re7+ Kd8 40. Rc7 Rb1 41. Kxc4 Rc1+ 42. Kd5 Rb1 43. Ke6 Rb3 44. Rxb7 Re3+ 45. Kd5 Rd3+ 46. Kc6 Rc3+ 47.
Kxb6 Rc2 48. Rxg7 g4 49. Bh4+ 1-0

[Event "*** Titled Tuesday 3|2 Blitz"]
[Site "Chess.com"]
[Date "2015.09.01"]
[Round "9"]
[White "AnthonyWirig"]
[Black "Keaton87"]
[Result "1-0"]
[WhiteElo "2536"]
[BlackElo "2414"]
[TimeControl "180+2"]
[EndTime "12:51:09 PDT"]
[Termination "AnthonyWirig won by resignation"]

1. e4 c5 2. d4 cxd4 3. c3 Nf6 4. e5 Nd5 5. Qxd4 e6 6. Nf3 Nc6 7. Qe4 f5 8. Qe2 b5 9. g3 Be7 10. Bg2 O-O 11. O-O b4 12. c4 Nc7 13. Rd1 Na6 14.
Nbd2 Qc7 15. Nb3 Nc5 16. Nxc5 Bxc5 17. h4 Bb7 18. Bf4 h6 19. Rd2 Rf7 20. Rad1 a5 21.
Ne1 Bf8 22. Bf3 Nd8 23. Bxb7 Nxb7 24. b3 Nc5 25. f3 a4 26. bxa4 Rxa4 27. Nd3 Nxd3 28.
Qxd3 Bc5+ 29. Kg2 Ra7 30. h5 Qc6 31. Qe2 Rf8 32. Rd3 Rfa8 33. R1d2 Ra3 34. Rxa3 Rxa3 35. Rd3 Rc3 36. Qd2 Rxc4 37. Rxd7 Bd4 38. Rxd4 Rc2 39. Rxb4 Rxd2+ 40. Bxd2 Qc2 41. Rd4 Qxa2 42. g4 Qc2 43. Kg3 Kf7 44. g5 hxg5 45. Bxg5 Qc6 46. h6 gxh6 47.
Bxh6 Qb5 48. Bf4 Qf1 49. Rd2 Qg1+ 50. Rg2 Qe1+ 51. Kh3 Qf1 52. Kg3 Qe1+ 53. Kh3 Qc3 54. Kg3 Ke8 55. Rd2 Qa1 56. Kg2 Qa7 57. Rd6 Qg7+ 58. Kf2 Qg6 59. Rd1 Qh5 60. Kg2 Qh4 61. Bg3 Qa4 62. Rd6 Qa2+ 63. Kh3 Kf7 64. Rd7+ Kg6 65. Rd6 f4 66. Bxf4 Kf5 67. Bg3 Qe2 68.
Rd8 Qf1+ 69. Kh2 Qe2+ 70. Kg1 Kg6 71. Rf8 Qa2 72. Rf6+ Kg5 73. Bf4+ 1-0

[Event "*** Titled Tuesday 3|2 Blitz"]
[Site "Chess.com"]
[Date "2015.09.01"]
[Round "9"]
[White "Iball95"]
[Black "Tirantes"]
[Result "1-0"]
[WhiteElo "2357"]
[BlackElo "2229"]
[TimeControl "180+2"]
[EndTime "12:51:14 PDT"]
[Termination "Iball95 won on time"]

1. e4 c6 2. c4 d5 3. cxd5 cxd5 4. exd5 Nf6 5. Nc3 Nxd5 6. Nf3 e6 7. d4 Be7 8. Bd3 O-O 9. O-O Nc6 10. Re1 Nxc3 11.
bxc3 b6 12. Bf4 Bb7 13. Rc1 Rc8 14. Qe2 Re8 15. Bb1 Bf6 16. Bg3 Ne7 17. Ne5 Qd5 18. f3 Qd8 19. Bf2 Nf5 20. c4 Nxd4 21. Qd3 Nf5 22. Nd7 Bd4 23. Bxd4 Qxd7 24. Bf2 Qxd3 25. Bxd3 Ne7 26. c5 Red8 27. Bf1 Nd5 28. cxb6 axb6 29.
Rxc8 Rxc8 30. Rb1 Rc6 31. a4 Nc3 32. Rb4 Nd5 33. Rb1 Bc8 34. a5 bxa5 35. Rb8 h6 36.
Ra8 Rc1 37. Rxa5 Nf4 38. Be3 Rxf1+ 39. Kxf1 Nd5 40. Bc5 Bd7 41. Kf2 Kh7 42. Ra7 Be8 43. Ra8 Bb5 44. Ra7 Kg6 45. Bd4 f6 46. Bc5 Nf4 47.
Bf8 1-0

[Event "*** Titled Tuesday 3|2 Blitz"]
[Site "Chess.com"]
[Date "2015.09.01"]
[Round "9"]
[White "xdb"]
[Black "Thomaslegend"]
[Result "0-1"]
[WhiteElo "2130"]
[BlackElo "2140"]
[TimeControl "180+2"]
[EndTime "12:51:34 PDT"]
[Termination "Thomaslegend won by resignation"]

1. e4 c5 2. Nf3 d6 3. d4 cxd4 4. Nxd4 Nf6 5. Nc3 a6 6. Be2 e5 7. Nb3 Be7 8. Be3 Be6 9. Nd5 Bxd5 10. exd5 Nbd7 11. c4 b6 12. O-O O-O 13. a4 a5 14.
Nd2 Nc5 15. Qb1 Nfd7 16. b4 axb4 17. Qxb4 Bg5 18. Rfb1 Bxe3 19. fxe3 Qg5 20. Nf1 f5 21. a5 bxa5 22. Rxa5 Rxa5 23. Qxa5 f4 24. exf4 Qxf4 25. Ng3 Qd4+ 26. Kh1 Ne4 27. Nxe4 Qxe4 28. Qe1 Rf2 29. Qxf2 Qxb1+ 30. Bf1 Nc5 31. Kg1 Qe4 32. h3 Qd4 33.
Qxd4 exd4 34. Kf2 Kf7 35. g3 Kf6 36. h4 Ke5 37. Kf3 h6 38. Be2 Nb3 39. Bd3 Nc5 40. Bg6 Na4 41. Bc2 Nb6 42. Bd3 Nd7 43. Bg6 Nc5 44. Bh7 Na6 45. Bg6 Nc5 46. Bh7 Na4 47.
Bg6 Nb2 48. Bh7 Nxc4 49. Be4 Nb6 50. g4 Nxd5 0-1

[Event "*** Titled Tuesday 3|2 Blitz"]
[Site "Chess.com"]
[Date "2015.09.01"]
[Round "9"]
[White "Gabrinsky"]
[Black "enen0315"]
[Result "1-0"]
[WhiteElo "2198"]
[BlackElo "1955"]
[TimeControl "180+2"]
[EndTime "12:51:42 PDT"]
[Termination "Gabrinsky won by resignation"]

1. e4 c5 2. Nc3 g6 3. f4 Bg7 4. Nf3 Nc6 5. Bb5 Nd4 6. O-O a6 7. Bd3 d6 8. Nxd4 cxd4 9. Ne2 e5 10. c3 dxc3 11. dxc3 Nf6 12. Ng3 O-O 13. Qf3 b5 14.
Bc2 Bb7 15. Kh1 Rc8 16. fxe5 dxe5 17. Bg5 Rc6 18. Rad1 Qb6 19. Bb3 a5 20. a3 h6 21.
Be3 Qa6 22. h4 Rc7 23. h5 g5 24. Bc2 Bc8 25. Nf5 Bxf5 26. Qxf5 Nxh5 27. Kh2 b4 28. Bd3 Qb7 29. axb4 axb4 30. c4 Nf4 31. Bxf4 exf4 32.
e5 Rd8 33. Be4 Qb8 34. Bd5 Re7 35. e6 f3+ 36. g3 f6 37. Rxf3 Qe5 38. Qxe5 fxe5 39.
b3 Kh8 40. Re1 Rf8 41. Rxf8+ Bxf8 42. Kh3 Bg7 43. Kg4 Kg8 44. Kf5 Kf8 45. g4 Ra7 46. Rf1 Ke7 47. Kg6 Kd6 48. Rf7 Rxf7 49. Kxf7 h5 50.
Kxg7 h4 51. Kf7 1-0

[Event "*** Titled Tuesday 3|2 Blitz"]
[Site "Chess.com"]
[Date "2015.09.01"]
[Round "9"]
[White "rhungaski"]
[Black "oggy1984"]
[Result "0-1"]
[WhiteElo "2465"]
[BlackElo "2435"]
[TimeControl "180+2"]
[EndTime "12:52:04 PDT"]
[Termination "oggy1984 won on time"]

1. Nf3 Nf6 2. c4 e6 3. g3 d5 4. Bg2 c5 5. O-O Nc6 6. b3 d4 7.
e3 Be7 8. exd4 cxd4 9. Re1 O-O 10. d3 Nd7 11. Na3 e5 12. Nc2 Bd6 13. a3 Re8 14. b4 h6 15. Rb1 a6 16. Nd2 Nf6 17. b5 axb5 18. Rxb5 Ne7 19. Nb4 Ra5 20. Rxa5 Qxa5 21.
Qb3 b6 22. Ne4 Nxe4 23. Bxe4 Be6 24. Qb2 b5 25. cxb5 Qxb5 26. Bd2 Rb8 27. Qc2 Qd7 28. Rb1 Rc8 29. Qd1 Bf5 30. Qf3 Bg4 31. Qg2 Rc7 32. Qf1 f5 33. Bg2 Kh7 34. f4 Bxb4 35. axb4 Rc2 36.
Qe1 exf4 37. Bxf4 Nd5 38. Bd2 Ne3 39. Bxe3 dxe3 40. Qxe3 Re2 41. Qf4 Qxd3 42. Rf1 Qc2 43. Rf2 Qb1+ 44. Rf1 Qb2 45. Rf2 Qb1+ 46. Rf1 Qa2 47.
Rf2 Qa7 48. h3 g5 49. Qc7+ Qxc7 0-1

[Event "*** Titled Tuesday 3|2 Blitz"]
[Site "Chess.com"]
[Date "2015.09.01"]
[Round "9"]
[White "Yaacovn"]
[Black "AleksandrNevski"]
[Result "1-0"]
[WhiteElo "2602"]
[BlackElo "2345"]
[TimeControl "180+2"]
[EndTime "12:52:30 PDT"]
[Termination "Yaacovn won on time"]

1. d4 d5 2. Nf3 e6 3. c4 Be7 4.
Bf4 Nf6 5. e3 O-O 6. Nc3 Nbd7 7.
c5 c6 8. Bd3 b6 9. b4 a5 10. a3 Ba6 11. Bxa6 Rxa6 12. O-O Qa8 13.
Rb1 axb4 14. axb4 Qb7 15. Qc2 Rfa8 16. b5 Ra3 17. cxb6 Qxb6 18. Rfc1 h6 19. h3 c5 20. dxc5 Bxc5 21. Ne2 Ne4 22. Ned4 Ra2 23. Rb2 Rxb2 24. Qxb2 Ba3 25. Qa2 Ndc5 26. Rc2 Ra4 27. Qb1 Bb4 28. Ra2 Nc3 29. Rxa4 Nxb1 30. Rxb4 Nc3 31. Ne5 f6 32.
Nec6 e5 33. Bxe5 fxe5 34. Nxe5 Qa5 35. Nec6 Qb6 36. g3 N3e4 37. Rb1 Kh7 38. Ra1 Nd3 39. Ra2 Qc5 40. Rc2 Qf8 41. b6 Ndc5 42. Kg2 Nb7 43.
Ne5 Nec5 44. Rb2 Qf6 45. Nec6 Qg6 46. g4 Qe4+ 47. Kg1 Nd3 48. Rb1 Ne5 49. Rb2 Nc4 50. Rb4 Nd2 51. Nf5 Nf3+ 52. Kg2 Nh4+ 53. Kf1 Qd3+ 54. Kg1 Qd1+ 55. Kh2 Nf3+ 56. Kg3 Ng5 57. Ncd4 Ne4+ 58. Kf4 Nxf2 59. Rb3 Nxh3+ 60. Ke5 Qxg4 61. Kxd5 Ng5 62. Kc6 Qe4+ 63. Kc7 Nc5 64. Rb5 Nge6+ 65.
Kd6 Nxd4 66. exd4 Nb7+ 67. Kc7 1-0

[Event "*** Titled Tuesday 3|2 Blitz"]
[Site "Chess.com"]
[Date "2015.09.01"]
[Round "9"]
[White "BakaPG"]
[Black "manubibi"]
[Result "1-0"]
[WhiteElo "2452"]
[BlackElo "2417"]
[TimeControl "180+2"]
[EndTime "12:52:47 PDT"]
[Termination "BakaPG won by resignation"]

1. e4 c5 2. Nf3 d6 3. d4 cxd4 4. Nxd4 Nf6 5. Nc3 a6 6. Be3 Ng4 7. Bc1 Nf6 8. f3 e6 9. Be3 b5 10. Qd2 Nbd7 11. a4 b4 12. Nd1 d5 13. exd5 Nxd5 14. Bc4 Nxe3 15. Nxe3 Ne5 16. Be2 Bc5 17. O-O-O Bb7 18. Kb1 O-O 19. Rhe1 Qb6 20. a5 Qa7 21. f4 Rad8 22. fxe5 Bxd4 23. Nc4 Bxg2 24. Qg5 Be4 25. Bd3 h6 26. Qg4 Bxd3 27. Rxd3 Bf2 28. Red1 Rxd3 29.
Rxd3 Qc5 30. b3 g6 31. Qf4 h5 32. Rd7 Be1 33. Rd1 Bc3 34. h4 Qe7 35. Rg1 Rd8 36. Qe4 Rd4 37. Qa8+ Kg7 38. Qxa6 Qxh4 39. Qb7 Qf2 40. Rc1 Rg4 41. Qb6 Bd4 42. Qxb4 Bxe5 43. Qd2 Qxd2 44. Nxd2 Bc3 45. Nc4 Rxc4 46. bxc4 Bxa5 47.
c5 h4 48. Rh1 g5 49. c4 f5 50.
Kc2 Kg6 51. Kd3 e5 52. c6 Bc7 53. Rb1 h3 54. Ke2 h2 55. Kf2 g4 56. Kg2 e4 57.
Rb7 Be5 58. c7 Bxc7 59. Rxc7 e3 60. Re7 f4 61. Kxh2 Kf6 62. Re8 Kf7 63. Re4 Kf6 64. Rxf4+ Ke5 65. Rxg4 e2 66. Rg1 1-0

[Event "*** Titled Tuesday 3|2 Blitz"]
[Site "Chess.com"]
[Date "2015.09.01"]
[Round "9"]
[White "Tal-Baronfew"]
[Black "jcibarra"]
[Result "1/2-1/2"]
[WhiteElo "2658"]
[BlackElo "2531"]
[TimeControl "180+2"]
[EndTime "12:55:34 PDT"]
[Termination "Game drawn by stalemate"]

1. d4 Nf6 2. c4 d6 3. Nf3 g6 4. Nc3 Bf5 5. h3 Ne4 6. Nb1 Bg7 7. g4 Bd7 8. Bg2 Nc6 9. O-O O-O 10. b3 e5 11. Bb2 f5 12. dxe5 fxg4 13. hxg4 Kh8 14. Qc2 Ng5 15. exd6 Bxg4 16. dxc7 Qe7 17. Bxg7+ Kxg7 18.
Qc3+ Kh6 19. Nbd2 Qxc7 20. Nxg5 Kxg5 21. Ne4+ Kh6 22. f3 Bf5 23. Nf6 Qg3 24. Nd5 Rae8 25. Rf2 Ne5 26. Rd1 g5 27. Nc7 Re7 28. Rd6+ Kh5 29.
Nd5 Ref7 30. f4 Qxc3 31. Nxc3 Ng4 32. Rf3 gxf4 33. Rxf4 Kg5 34. Rf3 Ne5 35. Rg3+ Kf4 36. Kf2 Ng4+ 37. Rxg4+ Bxg4 38. Rd5 Be6 39. Rc5 b6 40.
Rb5 Rf5 41. Nd5+ Bxd5 42. Bxd5 h5 43. Rb4 Ke5+ 44. Ke3 Kd6 45. Ra4 Re5+ 46. Kd3 Re7 47.
b4 h4 48. Kd4 Rf4+ 49. e4 h3 50. c5+ bxc5+ 51. bxc5+ Kc7 52. Rxa7+ Kd8 53. Ra8+ Kc7 54. Rh8 Rf3 55. a4 Ra3 56. Bc4 Rxa4 57. Rxh3 Rxe4+ 58.
Kxe4 Rxc4+ 59. Kd5 Rc1 60. Rh7+ Kc8 61. Kd6 Rc2 62.
Rh8+ Kb7 63. Rh7+ Kc8 64. Rg7 Rc1 65. Rc7+ Kd8 66. Rd7+ Kc8 67. Rf7 Rc2 68. Kc6 Kb8 69. Rf8+ Ka7 70. Rc8 Rh2 71. Rd8 Rc2 72. Rd7+ Kb8 73.
Rd8+ Ka7 74. Kd6 Kb7 75. Rd7+ Kc8 76. Ra7 Rc1 77. Kc6 Kb8 78. Rb7+ Kc8 79. Rb3 Rh1 80. Rd3 Rh6+ 81. Rd6 Rh7 82. Rg6 Rc7+ 83. Kd5 Rd7+ 84.
Rd6 Kc7 85. Ke6 Rh7 86. Kd5 Rh5+ 87. Kc4 Rh1 88. Rd4 Rc1+ 89. Kd5 Rh1 90. Rg4 Rh5+ 91. Kc4 Rh1 92. Rg7+ Kc6 93. Rg6+ Kc7 94. Rg4 Kc6 95. Rg6+ Kc7 96. Rg3 Kc6 97. Rc3 Rh4+ 98. Kb3 Rg4 99. Rc2 Rh4 100. Rc1 Rg4 101. Rc3 Rh4 102. Rc4 Rxc4 103.
Kxc4 Kc7 104. Kd5 Kd7 105. c6+ Kc7 106. Kc5 Kc8 107.
Kb6 Kb8 108. Ka6 Kc7 109. Kb5 Kc8 110. Kc5 Kc7 111. Kd5 Kc8 112. Kd4 Kc7 113. Kc5 Kc8 114. Kc4 Kc7 115. Kb5 Kc8 116. Kb6 Kb8 117. c7+ Kc8 118. Kc6 1/2-1/2

[Event "*** Titled Tuesday 3|2 Blitz"]
[Site "Chess.com"]
[Date "2015.09.01"]
[Round "9"]
[White "facu57"]
[Black "E-Shaposhnikov"]
[Result "0-1"]
[WhiteElo "2474"]
[BlackElo "2497"]
[TimeControl "180+2"]
[EndTime "12:57:48 PDT"]
[Termination "E-Shaposhnikov won by resignation"]

1. e4 c5 2. Nc3 e6 3. g3 d5 4. exd5 exd5 5. Bg2 d4 6. Qe2+ Be7 7. Nd5 Nc6 8. d3 Be6 9. Nxe7 Ngxe7 10. Nf3 O-O 11. O-O Qd7 12. Re1 Ng6 13. Bd2 Rae8 14. Qf1 h6 15. a3 a5 16. h4 b6 17. b4 axb4 18.
axb4 Nxb4 19. Bxb4 cxb4 20. Rab1 Qd6 21. h5 Ne7 22.
Nd2 Nd5 23. Nc4 Qc7 24. Bxd5 Bxd5 25. Rxb4 Bc6 26. Rxb6 Rxe1 27. Qxe1 Re8 28. Qf1 Ba8 29.
Rb1 Qc6 30. f3 Qxf3 31. Qxf3 Bxf3 32. Nd6 Rd8 33. Nf5 Bg4 34. Ne7+ Kh7 35. Rb4 Rd6 36. Kg2 Re6 37. Rxd4 Re2+ 38. Kf1 Bxh5 39. Rh4 g6 40. Nd5 Rxc2 41. g4 Rc5 42. Ne3 Bxg4 43. Rxg4 f5 44. Rc4 Re5 45. Rc7+ Kg8 46. Kf2 h5 47. d4 Re4 48. d5 Rd4 49. Rd7 h4 50. Kg2 Rd2+ 51.
Kg1 h3 52. Nf1 Rd1 53. Rd8+ Kf7 54. Rh8 Rxd5 55. Rxh3 Kf6 56. Ne3 Rd2 57. Rh8 Kg5 58. Nf1 Ra2 59. Rb8 f4 60. Rb6 Kf5 61. Rb5+ Kg4 62.
Rb4 g5 63. Rc4 Kh4 64. Rc8 Kg4 65. Rb8 Ra3 66. Kg2 Ra2+ 67. Kg1 Rc2 68. Nh2+ Kh3 69. Rb3+ Kh4 70. Nf3+ Kg4 71. Ne5+ Kf5 72. Nf3 Rc1+ 73. Kf2 g4 74. Rb5+ Kf6 75. Nd4 Rd1 76. Rf5+ Kg6 77. Rxf4 Kg5 78. Ne6+ Kh5 79. Rf6 Rd2+ 80. Ke3 Ra2 81.
Rf8 Ra3+ 82. Ke4 Kh4 83. Nd4 Kg3 84. Rg8 Ra4 85. Rg7 Kh3 86. Ke3 g3 87. Ne2 Ra3+ 88. Kf4 Ra4+ 89. Kf3 Ra3+ 90. Ke4 Ra4+ 91. Ke3 Ra3+ 92.
Kd2 Ra2+ 93. Ke3 Ra3+ 94. Ke4 Ra4+ 95. Kf5 Ra5+ 96. Ke6 Ra6+ 97. Kd5 Ra5+ 98. Kd4 Ra4+ 99. Kd3 Ra3+ 100. Kc4 Ra4+ 101. Kb3 Rg4 102. Rh7+ Kg2 103. Kc2 Kf3 104. Kd3 Rg8 105. Rf7+ Kg2 106. Nf4+ Kf3 107. Ne2+ Kg4 108. Nd4 g2 109. Ne2 Rd8+ 110. Kc3 Re8 111. Rg7+ Kf3 112. Nd4+ Kf2 113. Rf7+ Kg3 114. Rg7+ Kf2 115. Rf7+ Kg3 116. Nf5+ Kg4 117. Nd6 Rg8 118. Ne4 g1=Q 119. Nf6+ Kh3 120. Nxg8 Qxg8 121. Rf3+ Kg2 122. Rd3 Qc8+ 123. Kd4 Kf2 124. Rc3 Qh8+ 125. Kc4 Qd8 126. Kb3 Ke2 127. Rc4 Qb6+ 128. Rb4 Qe6+ 129. Kc3 Qe5+ 130. Kc2 Qc5+ 131. Kb3 Kd3 132. Rh4 Qd5+ 133. Ka3 Qd6+ 134. Kb3 Qe6+ 135. Ka3 Qe7+ 136. Rb4 Kc3 0-1